 Dungeon Crawl Stone Soup version 0.29.0-4-gdea44cf6ec (webtiles) character file.

Game seed: 17520235145329486264

9 qw the Caller (level 2, 0/23 HPs)
             Began as a Ghoul Summoner on Sept 9, 2022.
             Slain by a jackal (1 damage)
             ... on level 1 of the Dungeon.
             The game lasted 00:00:15 (603 turns).

qw the Caller (Ghoul Summoner)                       Turns: 603, Time: 00:00:15

Health: 0/23       AC:  2    Str: 11    XL:     2   Next: 16%
Magic:  1/3        EV: 12    Int: 10    God:
Gold:   31         SH:  0    Dex:  9    Spells: 3/4 levels left

rFire   . . .      SeeInvis .   f - +0 dagger
rCold   + . .      Faith    .   (no shield)
rNeg    + + +      Spirit   .   a - +0 robe
rPois   inf        Reflect  .   (no helmet)
rElec   .          Harm     .   (no cloak)
rCorr   .          Rampage  .   (no gloves)
Will    .....                   (no boots)
Stlth   ++........              (no amulet)
HPRegen 0.00/turn               (no ring)
MPRegen 0.08/turn               (no ring)

@: inhibited regen
A: claws 1, cold resistance 1, negative energy resistance 3, inhibited
regeneration, torment resistance 2, devour on kill
a: no special abilities


You were on level 1 of the Dungeon.
You visited 1 branch of the dungeon, and saw 1 of its levels.

You collected 31 gold pieces.


Innate Abilities, Weirdness & Mutations

You are immune to poison.
You have sharp fingernails.
Your flesh is cold resistant. (rC+)
You are immune to negative energy. (rN+++)
You do not regenerate when monsters are visible.
You are immune to unholy pain and torment.
You thrive by killing the living.


   Skills:
 - Level 1.0 Fighting
 + Level 1.1 Axes
 - Level 1.7 Dodging
 - Level 2.1 Stealth
 - Level 1.7 Spellcasting
 - Level 3.6 Summonings


You had 3 spell levels left.
You knew the following spells:

 Your Spells              Type           Power      Damage    Failure   Level
a - Summon Small Mammal   Summ           32%        N/A       8%          1

Your spell library contained the following spells:

 Spells                   Type           Power      Damage    Failure   Level
 Call Imp                 Summ           8%         N/A       11%         2
 Call Canine Familiar     Summ           8%         N/A       22%         3
 Summon Guardian Golem    Hex/Summ       4%         N/A       43%         3
 Summon Lightning Spire   Summ/Air       4%         N/A       83%         4

Inventory:

Hand Weapons
 f - a +0 dagger (weapon)
Armour
 a - a +0 robe (worn)
 g - a +0 leather armour
 h - a +0 cloak
Scrolls
 c - 2 scrolls of identify {unknown}
 d - a scroll of enchant weapon {unknown}
 e - a scroll of teleportation {unknown}
Potions
 b - a potion of magic

Dungeon Overview and Level Annotations

Branches:
Dungeon (1/15)

Altars:


Message History

The jackal barely misses you. The jackal closely misses you.
Your rat closely misses the jackal.
You hit the jackal.
The jackal is heavily wounded.
The jackal barely misses you. The jackal bites you.
Your rat barely misses the jackal.
You hit the jackal.
The jackal is severely wounded.
The jackal closely misses you. x2; The jackal bites you.
The jackal misses you.
Your rat bites the jackal.
You barely miss the jackal.
The jackal is severely wounded.
The jackal closely misses you. x2; Your rat barely misses the jackal.
You closely miss the jackal.
The jackal is severely wounded.
The jackal bites you.
The jackal barely misses you. x2; The jackal bites you.
Your rat misses the jackal. You hit the jackal but do no damage.
The jackal is severely wounded.
The jackal barely misses you. The jackal closely misses you.
Your rat misses the jackal. You hit the jackal but do no damage.
The jackal is severely wounded.
The jackal barely misses you. The jackal bites you.
Your rat closely misses the jackal.
You hit the jackal but do no damage.
The jackal is severely wounded.
The jackal barely misses you. The jackal bites you. x2
The jackal closely misses you.
Your rat bites the jackal.
You hit the jackal but do no damage.
The jackal is severely wounded.
The jackal closely misses you. The jackal misses you.
Your rat bites the jackal.
You hit the jackal but do no damage.
The jackal is severely wounded.
The jackal bites you. The jackal closely misses you. x2
The jackal barely misses you.
Your rat bites the jackal.
You completely miss the jackal.
The jackal is almost dead.
The jackal completely misses you. The jackal bites you.
You die...

#.# #.# #.### #...
###.##### ##........
#.....######
#.......r..#
#........h@#.# #
#.....####h#.# #.
#.....####r[.....B
#.#..##..#.#...........
#.............#.#.#....
####.##..###>.#.#.# ###
#..........#.#.#
##.#...........#
#.##.####.#%##....


You could see 2 jackals, a rat and a friendly rat (summoned).

Vanquished Creatures
  2 kobolds (D:1)
  2 ball pythons (D:1)
  A bat (D:1)
  A frilled lizard (D:1)
  A goblin (D:1)
  2 rats (D:1)
9 creatures vanquished.

Vanquished Creatures (collateral kills)
  A ball python (D:1)
1 creature vanquished.

Grand Total: 10 creatures vanquished

Notes
Turn   | Place    | Note
-------+----------+-------------------------------------------
     0 | D:1      | qw the Ghoul Summoner began the quest for the Orb.
     0 | D:1      | Reached XP level 1. HP: 14/14 MP: 2/2
     0 | D:1      | 0 ||| qw: Version: 0.1-a-113-g051387a
     0 | D:1      | 0 ||| qw: Game counter: 7227
     0 | D:1      | 0 ||| qw: Always use a shield: true
     0 | D:1      | 0 ||| qw: God list: Okawaru
     0 | D:1      | 0 ||| qw: Allow faded altars: false
     0 | D:1      | 0 ||| qw: Do Orc after D:15 true
     0 | D:1      | 0 ||| qw: Do second Lair branch before Depths: true
     0 | D:1      | 0 ||| qw: Lair rune preference: random
     0 | D:1      | 0 ||| qw: Plans: Normal
     0 | D:1      | 0 ||| PLANNING D:1-11
    47 | D:1      | Found a faded altar of an unknown god.
    48 | D:1      | 48 ||| CASTING Summon Small Mammal
    49 | D:1      | 49 ||| CASTING Summon Small Mammal
   186 | D:1      | 186 ||| CASTING Summon Small Mammal
   187 | D:1      | 187 ||| CASTING Summon Small Mammal
   228 | D:1      | 228 ||| CASTING Summon Small Mammal
   229 | D:1      | 229 ||| CASTING Summon Small Mammal
   254 | D:1      | 254 ||| CASTING Summon Small Mammal
   255 | D:1      | 255 ||| CASTING Summon Small Mammal
   265 | D:1      | 265 ||| Stepping ~*~*~tactically~*~*~ (outnumbered).
   267 | D:1      | Reached skill level 1 in Axes
   267 | D:1      | 267 ||| CASTING Summon Small Mammal
   270 | D:1      | HP: 1/14 [kobold/+0 dagger (3)]
   273 | D:1      | Reached XP level 2. HP: 6/22 MP: 0/3
   276 | D:1      | Reached skill level 1 in Fighting
   280 | D:1      | 280 ||| CASTING Summon Small Mammal
   459 | D:1      | 459 ||| Wielding weapon +0 dagger.
   480 | D:1      | 480 ||| CASTING Summon Small Mammal
   481 | D:1      | 481 ||| CASTING Summon Small Mammal
   482 | D:1      | 482 ||| CASTING Summon Small Mammal
   576 | D:1      | 576 ||| Stepping ~*~*~tactically~*~*~ (stealth).
   578 | D:1      | 578 ||| Stepping ~*~*~tactically~*~*~ (stealth).
   579 | D:1      | 579 ||| CASTING Summon Small Mammal
   580 | D:1      | 580 ||| CASTING Summon Small Mammal
   581 | D:1      | 581 ||| CASTING Summon Small Mammal
   592 | D:1      | 592 ||| CASTING Summon Small Mammal
   599 | D:1      | HP: 5/23 [jackal (1)]
   600 | D:1      | HP: 2/23 [jackal (1)]
   603 | D:1      | Slain by a jackal

Levels and vault maps discovered:
D:1:      minmay_arrival_wavy_path, layout_loops_ring,
          nicolae_ecumenical_snake_handling

Skill      XL: |  1  2 |
---------------+-------+-----
Axes           | 1 |  1.1
Fighting       | 1 |  1.0
Dodging        | |  1.7
Stealth        | |  2.1
Spellcasting   | |  1.7
Summonings     | |  3.6

Action                   || total
-------------------------++-------
Melee: Unarmed           ||    22
       Dagger            ||    24
 Cast: Summon Small Mamm ||    16
Armor: Robe              ||    10
Dodge: Dodged            ||    45

Table legend:
 A = Non-vault XP
 B = Vault XP
 C = Vault XP percentage of total XP
 D = Non-vault monster count
 E = Vault monster count
 F = Vault count percentage of total count
                 A         B        C        D         E       F
            +---------+---------+-------+---------+---------+-------
      Total |      12 |       2 |  14.3 |       9 |       1 |  10.0
            +---------+---------+-------+---------+---------+-------
        D:1 |      12 |       2 |  14.3 |       9 |       1 |  10.0
            +---------+---------+-------+---------+---------+-------
